Unix NetHack Version 5.0.0-0 post-release - last build May 31 2026 23:59:36 (970b52f25bf058293b47ddfd14a1e40e571c508c,branch:main).

Game began 2026-06-05 02:21:28, ended 2026-06-07 04:40:20.

Eldrich, lawful male human Archeologist

                         ------------
   -----                 |..........|          -----------
   |(\..#               #......`....|          |..........#
   |...|#               #|..........|         #.<.....^..|#
   |... #               #-----.------         #-------|---#                #
   ---- #               #%    #               #       #   #             ---.--
      ###         #############              ##       #   @             |....|
      #           ##### ##################################d`######      |....|
      #            ##-----     #           `#        ##   ##   --.--    |....|
      #            ##|...|     ##          #        ##     ##  |....####-....|
      #-------      #|...|      ###                 #       #  |...|    |....|
      #|.....|      #|{..|        #                 #       #  |...|    ------
      #|...(.|      #....|        #                 #       #  |...|
      #|.....|      #|.(^|        #               ###       ###....|
      #.......#######|...-####----.--             #            |...|
       |.....|       -----   #|.....|    ---------|-----       -----
       -------               #|[....-####|...........*(|
                             #..(...|   #-^............|
                             `-------    ---------------

Eldrich the Investigator   St:15 Dx:11 Co:15 In:18 Wi:14 Ch:9  Lawful
Dlvl:7  $:0  HP:0(44) Pw:31(31) AC:6  Xp:6 T:6922 

Latest messages:
 You see here an empty broken large box.
 Really step onto that squeaky board? [yn] (n) y
 A board beneath you squeaks a B flat loudly.
 You hit the gnome zombie!
 The gnome zombie misses!
 You destroy the gnome zombie!
 You swap places with Indiana.
 You hear a B flat squeak in the distance.
 It bites the leprechaun.
 The door resists!
 The door resists!
 What do you want to use or apply? [ae-ipxBJMUY or ?*] ?
 What do you want to use or apply? [ae-ipxBJMUY or ?*] h
 You put 5448 gold pieces into the sack.
 It bites the leprechaun.
 The leprechaun hits it.
 You swap places with Indiana.
 You swap places with Indiana.
 The door opens.
 You swap places with Indiana.
 You stop.  Indiana is in the way!
 You hear a B flat squeak in the distance.
 You miss the dog.
 The dog bites!
 The dog bites!
 Indiana bites the dog.
 The dog bites!
 Indiana bites the dog.
 The dog misses Indiana.
 The dog bites!
 Indiana misses the dog.
 The dog bites!
 The dog bites!
 Indiana misses the dog.
 The dog bites!
 Indiana misses the dog.
 The dog bites!
 The dog bites!
 The dog just misses!
 The dog bites!
 The dog bites!
 The dog bites!
 The dog bites!
 You die...
 Do you want your possessions identified? [ynq] (y) y
 Do you want to see your attributes? [ynq] (y) n
 Do you want an account of creatures vanquished? [ynaq] (y) n
 Do you want a list of species genocided? [ynq] (y) n
 Do you want to see your conduct and achievements? [ynq] (y) n
 Do you want to see the dungeon overview? [ynq] (y) n

Inventory:
 Amulets  ('"')
  n - an uncursed amulet of reflection (being worn)
  K - an uncursed amulet of reflection
 Weapons  (')')
  a - a +2 bullwhip
  R - a +0 scimitar (weapon in right hand)
 Armor    ('[')
  S - an uncursed fireproof +0 pair of elven boots (being worn)
  T - an uncursed +0 elven shield (being worn)
  b - an uncursed +0 leather jacket (being worn)
 Comestibles  ('%')
  t - an uncursed food ration
  v - an uncursed lembas wafer
 Scrolls  ('?')
  A - an uncursed scroll of blank paper
  C - an uncursed scroll of destroy armor
  c - an uncursed scroll of gold detection
  u - an uncursed scroll of remove curse
 Potions  ('!')
  o - an uncursed potion of booze
  j - an uncursed potion of extra healing
  z - an uncursed potion of gain energy
  d - 2 uncursed potions of healing
  m - a cursed potion of healing
  L - an uncursed potion of object detection
  D - a blessed potion of speed
  k - a potion of unholy water
 Rings    ('=')
  W - an uncursed ring of free action (on left hand)
  q - an uncursed ring of warning (on right hand)
 Wands    ('/')
  B - a wand of light (0:13)
  U - a wand of nothing (0:13)
  Y - a wand of striking (0:6)
  p - a wand of teleportation (0:4)
 Tools    ('(')
  x - an empty uncursed oilskin sack
  h - an uncursed sack containing 2 items
  M - a bag of tricks (0:6)
  i - an uncursed oil lamp
  e - a +0 pick-axe (alternate weapon; not wielded)
  J - an uncursed stethoscope
  f - a tinning kit (0:43)
 Gems/Stones  ('*')
  g - an uncursed touchstone

Contents of the sack:
  5448 gold pieces
  2 uncursed aquamarine stones

Eldrich the Archeologist's attributes:

Background:
 You were an Investigator, a level 6 male human Archeologist.
 You were lawful, on a mission for Quetzalcoatl
 who was opposed by Camaxtli (neutral) and Huhetotl (chaotic).
 You were right-handed.
 You were in the Dungeons of Doom, on level 7.
 You entered the dungeon 6922 turns ago.
 It was nighttime.
 You had 344 experience points, 296 more were needed to attain level 7.

Basics:
 You had 0 out of 44 hit points.
 You had all 31 energy points (spell power).
 Your armor class was 6.
 Your wallet was empty, but
 you had 5448 zorkmids stashed away in your pack.
 Autopickup was off.

Final Characteristics:
 Your strength was 15 (limit:18/100).
 Your dexterity was 11 (limit:18).
 Your constitution was 15 (limit:18).
 Your intelligence was 18 (limit:18).
 Your wisdom was 14 (limit:18).
 Your charisma was 9 (limit:18).

Final Status:
 You weren't hungry.
 You were unencumbered.
 You were wielding a saber.
 You had basic skill with saber.

Final Attributes:
 You were piously aligned.
 You were warned.
 You had automatic searching.
 You were stealthy.
 You had reflection.
 You had free action.
 You are dead.

Miscellaneous:
 You didn't encounter any bones levels.
 Total elapsed playing time was 1 hour, 28 minutes and 29 seconds.

Major events:
 Turn
    1: Eldrich the lawful male human Archeologist entered the dungeon
 2233: attained the rank of Field Worker (level 3)
 2630: entered the Gnomish Mines
 2866: performed his first genocide (liches)
 6727: attained the rank of Investigator (level 6)
 6922: killed by a dog

You didn't know any spells.

Skills:
 Fighting Skills
   bare handed combat [Unskilled]
   two weapon combat  [Unskilled]
   riding             [Unskilled]
 Weapon Skills
   dagger             [Unskilled]
   knife              [Unskilled]
   pick-axe           [Basic]
   short sword        [Unskilled]
   saber              [Basic]
   club               [Unskilled]
   quarterstaff       [Unskilled]
   sling              [Unskilled]
   dart               [Unskilled]
   boomerang          [Unskilled]
   whip               [Skilled]
   unicorn horn       [Unskilled]
 Spellcasting Skills
   attack spells      [Unskilled]
   healing spells     [Unskilled]
   divination spells  [Unskilled]
   matter spells      [Unskilled]

Voluntary challenges:
 Character rerolling was not enabled.
 You genocided 1 type of monster.
 You never polymorphed an object.
 You never changed form.
 You used no wishes.
Achievements:
 You attained the rank of Field Worker.
 You entered the Gnomish Mines.
 You entered a shop.
 You attained the rank of Investigator.

 The Dungeons of Doom: levels 1 to 7
    Level 1:
       Some fountains.
    Level 2:
       A fountain.
    Level 3:
       A food shop, some fountains.
       Stairs down to The Gnomish Mines.
    Level 4:
       Many fountains.
    Level 5:
    Level 6:
    Level 7: <- You were here.
       A throne, a fountain.
       Final resting place for
          you, killed by a dog.
 The Gnomish Mines:
    Level 4:


Vanquished creatures:
 an elven monarch
  4 lizards
  a dwarf leader
 10 bugbears
  a water nymph
  a mountain nymph
  2 rock piercers
  a pony
  a violet fungus
  a gnome leader
  3 gnomish wizards
  2 kobold mummies
 an elf zombie
  a straw golem
  a paper golem
  a dwarf
  a homunculus
  4 kobold leaders
  2 kobold shamans
  2 hill orcs
  3 rothes
  3 giant bats
  2 orc zombies
  3 iguanas
 an acid blob
  a coyote
  a hobbit
  2 manes
  4 large kobolds
 15 hobgoblins
  a giant rat
  2 yellow molds
  a green mold
 11 gnomes
  a gnome zombie
  4 geckos
 14 jackals
  3 kobolds
  4 goblins
  a sewer rat
 17 grid bugs
  a bat
  7 lichens
  2 kobold zombies
 14 newts
159 creatures vanquished.

Genocided species:
 liches
1 species genocided.

Game over:
                       ----------
                      /          \
                     /    REST    \
                    /      IN      \
                   /     PEACE      \
                  /                  \
                  |     Eldrich      |
                  |     5448 Au      |
                  | killed by a dog  |
                  |                  |
                  |                  |
                  |                  |
                  |       2026       |
                 *|     *  *  *      | *
        _________)/\\_//(\/(/\)/\//\/|_)_______

Goodbye Eldrich the Archeologist...

You died in The Dungeons of Doom on dungeon level 7 with 6590 points,
and 5448 pieces of gold, after 6922 moves.
You were level 6 with a maximum of 44 hit points when you died.

